 Dungeon Crawl Stone Soup version 0.28-a0-793-g31680bbd8b (webtiles) character file.

Game seed: 11016208953033631373

4 kae the Caller (level 1, 0/14 HPs)
             Began as a Merfolk Summoner on Nov 4, 2021.
             Slain by a quokka (3 damage)
             ... on level 1 of the Dungeon.
             The game lasted 00:00:20 (268 turns).

kae the Caller (Merfolk Summoner)                    Turns: 268, Time: 00:00:21

Health: 0/14       AC:  2    Str:  8    XL:     1   Next: 70%
Magic:  1/3        EV: 12    Int: 14    God:
Gold:   4          SH:  0    Dex: 14    Spells: 3/4 levels left

rFire   . . .      SeeInvis .   b - +0 dagger
rCold   . . .      Faith    .   (no shield)
rNeg    . . .      Spirit   .   a - +0 robe
rPois   .          Reflect  .   (no helmet)
rElec   .          Harm     .   (no cloak)
rCorr   .          Rampage  .   (no gloves)
Will    .....                   (no boots)
Stlth   ++........              (no amulet)
HPRegen 0.04/turn               (no ring)
MPRegen 0.08/turn               (no ring)

@: no status effects
A: (nimble swimmer 2), mertail
a: no special abilities


You were on level 1 of the Dungeon.
You visited 1 branch of the dungeon, and saw 1 of its levels.

You collected 4 gold pieces.

Inventory:

Hand Weapons
 b - a +0 dagger (weapon)
Armour
 a - a +0 robe (worn)


   Skills:
 + Level 0.4 Fighting
 - Level 2.6 Dodging
 - Level 2.1 Stealth
 + Level 2.1 Spellcasting
 * Level 4.1 Summonings


You had 3 spell levels left.
You knew the following spells:

 Your Spells              Type           Power      Damage    Failure   Level
a - Summon Small Mammal   Summ           52%        N/A       4%          1

Your spell library contained the following spells:

 Spells                   Type           Power      Damage    Failure   Level
 Call Imp                 Summ           13%        N/A       6%          2
 Call Canine Familiar     Summ           13%        N/A       13%         3
 Summon Guardian Golem    Hex/Summ       7%         N/A       30%         3
 Summon Lightning Spire   Summ/Air       7%         N/A       69%         4


Dungeon Overview and Level Annotations

Branches:
Dungeon (1/15)

Altars:


Innate Abilities, Weirdness & Mutations

((You are quick and stealthy near water. (Stealth+, EV+, Speed+++)))
Your lower body shifts to a powerful aquatic tail in water.


Message History

A ball python is nearby!
A ball python is nearby!
A ball python is nearby!
A ball python is nearby!
Found a scroll labelled NUNI VIMOPATUC.
Found a stone staircase leading down.
A frilled lizard comes into view.
The frilled lizard hisses angrily.
Casting: Summon Small Mammal (safe; 4% risk of failure)
Confirm with . or Enter, or press ? or * to list all spells.
Your quokka barely misses the ball python.
A quokka comes into view.
You hit the frilled lizard but do no damage.
The ball python bites you. The ball python barely misses you.
The frilled lizard closely misses you.
Your quokka bites the ball python.
You hit the frilled lizard.
You kill the frilled lizard!
The ball python barely misses you. The ball python grabs you.
The ball python constricts you.
Your quokka bites the ball python.
The ball python dies!
You hit the quokka but do no damage.
Your quokka bites the quokka.
The quokka bites you.
You are too injured to fight recklessly!
You are too injured to fight recklessly!
You are too injured to fight recklessly!
You are too injured to fight recklessly!
You are too injured to fight recklessly!
A quokka is nearby!
Casting: Summon Small Mammal (safe; 4% risk of failure)
Confirm with . or Enter, or press ? or * to list all spells.
Your quokka bites the quokka.
The quokka bites you.
Your quokka barely misses the quokka.
The quokka bites you.
* * * LOW HITPOINT WARNING * * *
Your quokka bites the quokka but does no damage.
Your quokka misses the quokka.
The quokka bites you but does no damage.
You barely miss the quokka.
The quokka is heavily wounded.
Your quokka bites the quokka. x2; The quokka bites you.
You die...

########### ####
......... ..#
####......#####.#
................#######
#......r..#####.......#
......r@......†.....#.##
#.>...r....####.###.....
...........# #)# #...##
###...^....# #.# #...#
#........# #.# #...##
#.#......# #.###.....
.?....###.. #.........
##.##. #.#. #.####.##.
#. ## ##.##.# #.##.


You could see a quokka (ally target) and 2 friendly quokkas.

Vanquished Creatures
  A goblin (D:1)
  A frilled lizard (D:1)
2 creatures vanquished.

Vanquished Creatures (collateral kills)
  A goblin (D:1)
  2 ball pythons (D:1)
3 creatures vanquished.

Grand Total: 5 creatures vanquished

Notes
Turn   | Place    | Note
-------+----------+-------------------------------------------
     0 | D:1      | kae the Merfolk Summoner began the quest for the Orb.
     0 | D:1      | Reached XP level 1. HP: 13/13 MP: 3/3
   268 | D:1      | Slain by a quokka

Illustrated notes

Levels and vault maps discovered:
D:1:      minmay_arrival_nine_rooms, layout_loops_ring,
          dreamdust_ecumenical_altar_statues

Action                   || total
-------------------------++-------
Melee: Unarmed           ||     6
       Dagger            ||     4
 Cast: Summon Small Mamm ||     5
Armor: Robe              ||     1
Dodge: Dodged            ||     9

Table legend: (Time is in decaauts)
 A = Elapsed time spent in this place.
 B = Non-inter-level travel time spent in this place.
 C = Inter-level travel time spent in this place.
 D = Time resting spent in this place.
 E = Time spent auto-exploring this place.
 F = Levels seen in this place.
 G = Mean time per level.
                   A        B        C        D        E       F      G
               +--------+--------+--------+--------+--------+-----+--------+
         Total |    267 |    267 |      0 |      2 |    216 |   1 |  267.0 |
       Dungeon |    267 |    267 |      0 |      2 |    216 |   1 |  267.0 |
               +--------+--------+--------+--------+--------+-----+--------+

Top non-repeatable levels by time:
     D:1: 267 daAuts
